PCL
REDWOOD CITY REDWOODS @ LAS VEGAS STARS
05/19/2023
 
TOP OF THE 1ST
Redwood City Redwoods batting - Pitching for Las Vegas Stars : LHP Stanley Inman
Pitching: LHP Stanley Inman
Batting: LHB Alfonso Montoya 0-0: Ball
1-0: Swinging Strike
1-1: Ball
2-1: Ball
3-1: Called Strike
3-2: Base on Balls
Batting: LHB Tony Warrilow 0-0: Ball
1-0: Ball
2-0: Foul Ball, location: 2F
2-1: Called Strike
2-2: Foul Ball, location: 2F
2-2: Foul Ball, location: 2F
2-2: Ball
3-2: Base on Balls
Alfonso Montoya to second
Batting: RHB José Aguilera 0-0: Ball
1-0: Ball
2-0: Fly out, F1 (Popup, 23)
Batting: LHB Nicholas Alston 0-0: Called Strike
0-1: Ball
1-1: Ball
2-1: Swinging Strike
2-2: Strikes out looking
Batting: SHB Marvin Harris 0-0: Ball
1-0: Foul Ball, location: 2F
1-1: Swinging Strike
1-2: Foul Ball, location: 2F
1-2: Strikes out looking
Top of the 1st over - 0 run(s), 0 hit(s), 0 error(s), 2 left on base; Redwood City 0 - Las Vegas 0
BOTTOM OF THE 1ST
Las Vegas Stars batting - Pitching for Redwood City Redwoods : RHP Jason Drake
Pitching: RHP Jason Drake
Batting: RHB Brian George 0-0: Ball
1-0: Ball
2-0: Ball
3-0: Base on Balls
Batting: LHB Parker Marshall 0-0: Ball
1-0: Foul Ball, location: 2F
1-1: SINGLE (Groundball, 34D)
Brian George to second
Runner from 2nd tries for 3rd, SAFE, throw made to third
Batting: LHB Paco Rivera 0-0: Swinging Strike
0-1: Ball
1-1: Ball
2-1: Foul Ball, location: 2F
2-2: Foul Ball, location: 2F
2-2: Strikes out swinging
Batting: LHB Ricardo Vargas 0-0: Called Strike
0-1: Ball
1-1: Swinging Strike
1-2: Strikes out swinging
Batting: LHB Evan Slootweg 0-0: Called Strike
0-1: Called Strike
0-2: Foul Ball, location: 2F
0-2: Strikes out swinging
Bottom of the 1st over - 0 run(s), 1 hit(s), 0 error(s), 2 left on base; Redwood City 0 - Las Vegas 0
TOP OF THE 2ND
Redwood City Redwoods batting - Pitching for Las Vegas Stars : LHP Stanley Inman
Batting: RHB Edgardo Gonzáles 0-0: Called Strike
0-1: Ground out 5-3 (Groundball, 56)
Batting: LHB Eduardo Alomar 0-0: Ball
1-0: Foul Ball, location: 2F
1-1: Swinging Strike
1-2: Ball
2-2: Fly out, F7 (Flyball, 7LM)
Batting: RHB Anastasio García 0-0: Ball
1-0: Called Strike
1-1: Ball
2-1: Swinging Strike
2-2: Ball
3-2: Foul Ball, location: 2F
3-2: Foul Ball, location: 2F
3-2: Strikes out swinging
Top of the 2nd over - 0 run(s), 0 hit(s), 0 error(s), 0 left on base; Redwood City 0 - Las Vegas 0
BOTTOM OF THE 2ND
Las Vegas Stars batting - Pitching for Redwood City Redwoods : RHP Jason Drake
Batting: LHB Eliot Helen 0-0: Called Strike
0-1: Ball
1-1: Ball
2-1: Ball
3-1: Foul Ball, location: 2F
3-2: Base on Balls
Batting: RHB Vicente Salgado 0-0: Ball
Eliot Helen steals 2nd base
1-0: Foul Ball, location: 2F
1-1: Ball
2-1: Ball
3-1: Base on Balls
Batting: RHB Cole Bradley 0-0: Ball
1-0: Ball
2-0: Foul Ball, location: 2F
2-1: Foul Ball, location: 2F
2-2: Foul Ball, location: 2F
2-2: Hit by Pitch
Eliot Helen to third
Vicente Salgado to second
Batting: LHB José Padilla 0-0: Called Strike
0-1: Called Strike
0-2: Foul Ball, location: 2F
0-2: Strikes out looking
Batting: RHB Brian George 0-0: Ball
Wild Pitch!
Eliot Helen scores
Vicente Salgado to third
Cole Bradley to second
1-0: Ground out 6-3 (Groundball, 6)
Vicente Salgado scores
Batting: LHB Parker Marshall 0-0: Foul Ball, location: 2F
0-1: Called Strike
0-2: Ball
1-2: Foul Ball, location: 2F
1-2: Ball
2-2: Strikes out swinging
Bottom of the 2nd over - 2 run(s), 0 hit(s), 0 error(s), 1 left on base; Redwood City 0 - Las Vegas 2
TOP OF THE 3RD
Redwood City Redwoods batting - Pitching for Las Vegas Stars : LHP Stanley Inman
Batting: RHB Dan Martin 0-0: Ball
1-0: Foul Ball, location: 2F
1-1: Ball
2-1: Ball
3-1: Fly out, F8 (Flyball, 8RM)
Batting: LHB Alfonso Montoya 0-0: Ball
1-0: Called Strike
1-1: Swinging Strike
1-2: Ball
2-2: Ground out 6-3 (Groundball, 6)
Batting: LHB Tony Warrilow 0-0: Ball
1-0: Ball
2-0: Ball
3-0: Called Strike
3-1: Called Strike
3-2: Ground out 4-3 (Groundball, 4)
Top of the 3rd over - 0 run(s), 0 hit(s), 0 error(s), 0 left on base; Redwood City 0 - Las Vegas 2
BOTTOM OF THE 3RD
Las Vegas Stars batting - Pitching for Redwood City Redwoods : RHP Jason Drake
Batting: LHB Paco Rivera 0-0: Ball
1-0: Foul Ball, location: 2F
1-1: Ball
2-1: Called Strike
2-2: Ball
3-2: Fly out, F7 (Line Drive, 7M)
Batting: LHB Ricardo Vargas 0-0: Called Strike
0-1: Ball
1-1: Foul Ball, location: 2F
1-2: Ball
2-2: Ground out 4-3 (Groundball, 34)
Batting: LHB Evan Slootweg 0-0: DOUBLE (Line Drive, 89M)
Batting: LHB Eliot Helen 0-0: Swinging Strike
0-1: Foul Ball, location: 2F
0-2: Ball
1-2: Foul Ball, location: 2F
1-2: Foul Ball, location: 2F
1-2: Ball
2-2: Ball
3-2: Foul Ball, location: 2F
3-2: Base on Balls
Batting: RHB Vicente Salgado 0-0: Called Strike
0-1: Ball
1-1: Foul Ball, location: 2F
1-2: Ball
2-2: Foul Ball, location: 2F
2-2: Strikes out swinging
Bottom of the 3rd over - 0 run(s), 1 hit(s), 0 error(s), 2 left on base; Redwood City 0 - Las Vegas 2
TOP OF THE 4TH
Redwood City Redwoods batting - Pitching for Las Vegas Stars : LHP Stanley Inman
Batting: RHB José Aguilera 0-0: Swinging Strike
0-1: Ball
1-1: Ball
Error on foul ball, E2
2-2: Fly out, F2 (Popup, 2RF)
Batting: LHB Nicholas Alston 0-0: Called Strike
0-1: Ball
1-1: Called Strike
1-2: Ground out 4-3 (Groundball, 34D)
Batting: SHB Marvin Harris 0-0: DOUBLE (Flyball, 78D)
Batting: RHB Edgardo Gonzáles 0-0: Called Strike
0-1: Ball
1-1: Foul Ball, location: 2F
1-2: Ball
2-2: Ball
3-2: Ground out 4-3 (Groundball, 4)
Top of the 4th over - 0 run(s), 1 hit(s), 1 error(s), 1 left on base; Redwood City 0 - Las Vegas 2
BOTTOM OF THE 4TH
Las Vegas Stars batting - Pitching for Redwood City Redwoods : RHP Jason Drake
Batting: RHB Cole Bradley 0-0: Ball
1-0: Ground out 1-4-3 (Groundball, 15S)
Batting: LHB José Padilla 0-0: Called Strike
0-1: Ball
1-1: Foul Ball, location: 2F
1-2: Strikes out swinging
Batting: RHB Brian George 0-0: Ball
1-0: Foul Ball, location: 2F
1-1: Ball
2-1: Ball
3-1: Ground out 5-3 (Groundball, 56)
Bottom of the 4th over - 0 run(s), 0 hit(s), 0 error(s), 0 left on base; Redwood City 0 - Las Vegas 2
TOP OF THE 5TH
Redwood City Redwoods batting - Pitching for Las Vegas Stars : LHP Stanley Inman
Batting: LHB Eduardo Alomar 0-0: Ball
1-0: Called Strike
1-1: Called Strike
1-2: Strikes out looking
Batting: RHB Anastasio García 0-0: Ball
1-0: Ball
2-0: Called Strike
2-1: Ball
3-1: Called Strike
3-2: Foul Ball, location: 2F
3-2: Strikes out looking
Batting: RHB Dan Martin 0-0: Ball
1-0: Called Strike
1-1: Swinging Strike
1-2: Fly out, F9 (Popup, 9S)
Top of the 5th over - 0 run(s), 0 hit(s), 0 error(s), 0 left on base; Redwood City 0 - Las Vegas 2
BOTTOM OF THE 5TH
Las Vegas Stars batting - Pitching for Redwood City Redwoods : RHP Jason Drake
Batting: LHB Parker Marshall 0-0: Called Strike
0-1: Foul Ball, location: 2F
0-2: Ball
1-2: SOLO HOME RUN (Flyball, 9D), Distance : 412 ft
Batting: LHB Paco Rivera 0-0: Ball
1-0: SINGLE (Groundball, 4M)
Pitching: RHP Lúcio Solano
Batting: LHB Ricardo Vargas 0-0: Ball
1-0: Foul Ball, location: 2F
1-1: Grounds into double play, 1-6-3 (Groundball, 15S)
Batting: LHB Evan Slootweg 0-0: Called Strike
0-1: Ball
1-1: Ball
2-1: Ball
3-1: Base on Balls
Batting: LHB Eliot Helen 0-0: Called Strike
0-1: Ball
1-1: Ball
2-1: Foul Ball, location: 2F
2-2: Strikes out looking
Bottom of the 5th over - 1 run(s), 2 hit(s), 0 error(s), 1 left on base; Redwood City 0 - Las Vegas 3
TOP OF THE 6TH
Redwood City Redwoods batting - Pitching for Las Vegas Stars : LHP Stanley Inman
Batting: LHB Alfonso Montoya 0-0: Swinging Strike
0-1: Bunt for hit - play at first, batter safe!
Batting: LHB Tony Warrilow 0-0: Called Strike
0-1: Called Strike
0-2: Ball
1-2: Ball
2-2: Fly out, F3 (Line Drive, 3S)
2-2: Lined into DP, U3 (Line Drive, 3S)
Batting: RHB José Aguilera 0-0: Swinging Strike
0-1: Ball
1-1: Called Strike
1-2: Ball
2-2: Ground out 6-3 (Groundball, 6M)
Top of the 6th over - 0 run(s), 1 hit(s), 0 error(s), 0 left on base; Redwood City 0 - Las Vegas 3
BOTTOM OF THE 6TH
Las Vegas Stars batting - Pitching for Redwood City Redwoods : RHP Lúcio Solano
Batting: RHB Vicente Salgado 0-0: Ball
1-0: Foul Ball, location: 2F
1-1: DOUBLE (Line Drive, 7LM)
Batting: RHB Cole Bradley 0-0: Swinging Strike
0-1: Ball
1-1: Ball
2-1: Swinging Strike
2-2: Strikes out swinging
Batting: LHB José Padilla 0-0: Called Strike
0-1: Ground out 1-3 (Groundball, 23)
Vicente Salgado to third
Batting: RHB Brian George 0-0: Ball
1-0: Ball
2-0: Called Strike
2-1: Foul Ball, location: 2F
2-2: Foul Ball, location: 2F
2-2: Ball
Wild Pitch!
Vicente Salgado scores
3-2: Base on Balls
Batting: LHB Parker Marshall 0-0: Ball
1-0: Ball
2-0: SINGLE (Groundball, 34)
Brian George to second
Runner from 2nd tries for 3rd, SAFE, throw made to third
Batting: LHB Paco Rivera 0-0: Fly out, F7 (Flyball, 7LMF)
Bottom of the 6th over - 1 run(s), 2 hit(s), 0 error(s), 2 left on base; Redwood City 0 - Las Vegas 4
TOP OF THE 7TH
Redwood City Redwoods batting - Pitching for Las Vegas Stars : LHP Stanley Inman
Pitching: RHP Jorge Ibarra
Batting: LHB Nicholas Alston 0-0: Foul Ball, location: 2F
0-1: Foul Ball, location: 2F
0-2: SINGLE (Line Drive, 56)
Batting: SHB Marvin Harris 0-0: Swinging Strike
0-1: Foul Ball, location: 2F
0-2: Strikes out swinging
Batting: RHB Edgardo Gonzáles 0-0: Ball
1-0: Ball
2-0: Ball
3-0: Called Strike
3-1: Foul Ball, location: 2F
3-2: Foul Ball, location: 2F
3-2: DOUBLE (Line Drive, 9LM)
Nicholas Alston to third
Batting: LHB Eduardo Alomar 0-0: Ball
1-0: Called Strike
1-1: SINGLE (Flyball, 9LS)
Nicholas Alston scores
Edgardo Gonzáles to third
Runner from 3rd tries for Home, SAFE, no throw or cutoff
Batting: RHB Anastasio García 0-0: Ball
1-0: Foul Ball, location: 2F
1-1: Ball
2-1: Grounds into double play, 5-4-3 (Groundball, 5)
Top of the 7th over - 2 run(s), 3 hit(s), 0 error(s), 0 left on base; Redwood City 2 - Las Vegas 4
BOTTOM OF THE 7TH
Las Vegas Stars batting - Pitching for Redwood City Redwoods : RHP Lúcio Solano
Pitching: LHP George Owens
Batting: LHB Ricardo Vargas 0-0: Foul Ball, location: 2F
0-1: Ball
1-1: Fly out, F7 (Flyball, 7LM)
Batting: LHB Evan Slootweg 0-0: Ball
1-0: Called Strike
1-1: Ball
2-1: Called Strike
2-2: Ball
3-2: Strikes out looking
Batting: LHB Eliot Helen 0-0: Ball
1-0: Ball
2-0: Fly out, F5 (Line Drive, 5L)
Bottom of the 7th over - 0 run(s), 0 hit(s), 0 error(s), 0 left on base; Redwood City 2 - Las Vegas 4
TOP OF THE 8TH
Redwood City Redwoods batting - Pitching for Las Vegas Stars : RHP Jorge Ibarra
Batting: RHB Dan Martin 0-0: Ball
1-0: Ground out 6-3 (Groundball, 6MS)
Batting: LHB Alfonso Montoya 0-0: Ball
1-0: Foul Ball, location: 2F
1-1: Ground out 4-3 (Groundball, 4)
Batting: LHB Tony Warrilow 0-0: Foul Ball, location: 2F
0-1: Foul Ball, location: 2F
0-2: Ball
1-2: Foul Ball, location: 2F
1-2: SINGLE (Line Drive, 89M)
Pitching: RHP Mike Drader
Batting: RHB José Aguilera 0-0: Called Strike
0-1: Foul Ball, location: 2F
0-2: Ball
1-2: Ball
2-2: Foul Ball, location: 2F
2-2: Strikes out swinging
Top of the 8th over - 0 run(s), 1 hit(s), 0 error(s), 1 left on base; Redwood City 2 - Las Vegas 4
BOTTOM OF THE 8TH
Las Vegas Stars batting - Pitching for Redwood City Redwoods : LHP George Owens
Batting: RHB Vicente Salgado 0-0: Reached on error, E6 (Groundball, 6M)
Batting: RHB Cole Bradley 0-0: Ball
1-0: Ball
2-0: Ball
3-0: Called Strike
3-1: Bunted foul
3-2: Grounds into double play, 3-6-3 (Groundball, 3)
Batting: LHB José Padilla 0-0: Ground out 3-1 (Groundball, 34)
Bottom of the 8th over - 0 run(s), 0 hit(s), 1 error(s), 0 left on base; Redwood City 2 - Las Vegas 4
TOP OF THE 9TH
Redwood City Redwoods batting - Pitching for Las Vegas Stars : RHP Mike Drader
Pitching: RHP John Corrigan
Batting: LHB Nicholas Alston 0-0: Ball
1-0: Ball
2-0: Ball
3-0: Called Strike
3-1: Foul Ball, location: 2F
3-2: Strikes out swinging
Batting: SHB Marvin Harris 0-0: Ball
1-0: Foul Ball, location: 2F
1-1: Ball
2-1: Ground out 1-3 (Groundball, 13)
Batting: RHB Edgardo Gonzáles 0-0: Called Strike
0-1: Ground out 5-3 (Groundball, 56)
Top of the 9th over - 0 run(s), 0 hit(s), 0 error(s), 0 left on base; Redwood City 2 - Las Vegas 4
This league is powered by Out of the Park Baseball, the baseball management simulation game for PC, Mac and Linux
Wednesday, December 2nd, 2015 - OOTP Baseball 16.8 Build 38